 Dungeon Crawl Stone Soup version 0.27-a0-819-g058290f16d (webtiles) character file.

Game seed: 7731416403095808252

2562 snetch the Poker (level 9, -3/81 HPs)
             Began as a Minotaur Berserker on Mar 29, 2021.
             Was a Priest of Trog.
             Slain by an orc warrior
             ... wielding a +0 glaive
              (14 damage)
             ... on level 8 of the Dungeon.
             The game lasted 00:17:37 (7058 turns).

snetch the Poker (Minotaur Berserker)               Turns: 7058, Time: 00:17:37

Health: -3/81      AC: 17    Str: 25    XL:     9   Next: 31%
Magic:  8/8        EV:  7    Int:  4    God:    Trog [***...]
Gold:   151        SH:  3    Dex: 10    Spells: 8/8 levels left

rFire    + . .     SeeInvis .   a - +0 whip (freeze)
rCold    . . .     Faith    .   l - +0 buckler
rNeg     . . .     Spirit   .   v - +0 plate armour {rF+}
rPois    .         Reflect  .   (helmet restricted)
rElec    .         Harm     .   (no cloak)
rCorr    .         Rampage  .   (no gloves)
Will     ++...                  (no boots)
Stlth    ..........             t - amulet of magic regeneration
HPRegen  1.23/turn              s - +4 ring of protection
MPRegen  0.36/turn              (no ring)

@: berserk cooldown, regenerating, slowed, very slow
A: horns 2, retaliatory headbutt
a: Renounce Religion, Berserk, Trog's Hand


You were on level 8 of the Dungeon.
You worshipped Trog.
Trog was most pleased with you.
You visited 2 branches of the dungeon, and saw 9 of its levels.
You also visited: Ossuary.

You collected 263 gold pieces.
You spent 112 gold pieces at shops.

Inventory:

Hand Weapons
 a - a +0 whip of freezing (weapon)
 b - a +2 scythe of protection
 n - a +0 arbalest of flaming
 A - a +0 hand axe
 B - a +2 vorpal shortbow
 D - a +0 battleaxe
 E - a +0 whip of venom
Missiles
 h - 265 stones
 o - 30 arrows
 p - 84 sling bullets
 y - 31 poisoned darts
 F - a curare-tipped dart
Armour
 l - a +0 buckler (worn)
 v - a +0 plate armour of fire resistance (worn)
Jewellery
 s - a +4 ring of protection (left hand)
 t - an amulet of magic regeneration (around neck)
 O - a ring of magical power
Wands
 G - a wand of paralysis (6)
Scrolls
 c - a scroll of vulnerability {unknown}
 e - 3 scrolls of noise {unknown}
 f - a scroll of magic mapping {unknown}
 g - 4 scrolls of teleportation {unknown}
 k - 3 scrolls of immolation {unknown}
 m - 4 scrolls of identify {unknown}
 C - a scroll of holy word {unknown}
 I - a scroll of blinking {unknown}
 K - a scroll of brand weapon {unknown}
 M - a scroll of silence {unknown}
 N - a scroll of acquirement {unknown}
 P - a scroll of fog {unknown}
Potions
 d - 2 potions of brilliance {unknown}
 i - a potion of ambrosia {unknown}
 j - a potion of might {unknown}
 q - a potion of flight {unknown}
 r - a potion of invisibility {unknown}
 u - 4 potions of curing
 w - a potion of resistance {unknown}
 x - 3 potions of heal wounds
 z - a potion of magic {unknown}
 H - a potion of lignification {unknown}
 J - a potion of degeneration {unknown}
 L - a potion of mutation {unknown}


   Skills:
 + Level 7.9 Fighting
 + Level 6.6(8.7) Axes
 + Level 3.6(5.6) Maces & Flails
 + Level 7.9(9.0) Polearms
 + Level 7.8 Armour
 + Level 3.5 Dodging
 + Level 1.3 Stealth
 + Level 0.1 Shields


You had 8 spell levels left.
You didn't know any spells.
Your spell library contained the following spells:

 Spells                   Type           Power      Damage    Failure   Level
 Animate Skeleton         Necr           0%         N/A       100%        1
 Pain                     Necr           0%         1d4       100%        1
 Confusing Touch          Hex            0%         N/A       100%        3
 Gell's Gravitas          Tloc           0%         N/A       100%        3
 Vampiric Draining        Necr           0%         2d6       100%        3
 Animate Dead             Necr           0%         N/A       100%        4
 Petrify                  Tmut/Erth      0%         N/A       100%        4
 Agony                    Necr           0%         N/A       100%        5
 Irradiate                Conj/Tmut      0%         3d14      100%        5
 Metabolic Englaciation   Hex/Ice        0%         N/A       100%        5
 Yara's Violent Unravell  Hex/Tmut       0%         3d3       100%        5
 Hydra Form               Tmut           0%         N/A       100%        6
 Statue Form              Tmut/Erth      0%         N/A       100%        6
 Dragon Form              Tmut           0%         N/A       100%        7


Dungeon Overview and Level Annotations

Branches:
Dungeon (8/15)             Temple (1/1) D:5         Ossuary (visited)
   Lair: D:8-11

Altars:
Ashenzari
Cheibriados
Dithmenos
Elyvilon
Fedhas
Gozag
Hepliaklqana
Kikubaaqudgha
Makhleb
Nemelex Xobeh
Okawaru
Qazlal
Ru
Sif Muna
Trog
Uskayaw
Vehumet
Wu Jian
Xom
Yredelemnul
Zin
The Shining One

Shops:
D:2 [   D:4 !   D:6 :

Annotations:
D:1 altar behind lava


Innate Abilities, Weirdness & Mutations

You have a pair of horns on your head.
You reflexively headbutt those who attack you in melee.


Message History

The orc warrior hits you but does no damage.
You hit the orc wizard. You freeze the orc wizard. You headbutt the orc wizard!
You kill the orc wizard!
Trog accepts your kill.
Trog appreciates your killing of a magic user.
The orc warrior hits you from afar with a +0 glaive.
Unknown command.
You barely miss the orc. You headbutt the orc.
The orc is moderately wounded.
The walls and floor vibrate strangely for a moment.
The orc warrior hits you from afar with a +0 glaive!
The orc barely misses you.
Unknown command.
You are too injured to fight recklessly!
Unknown command.
You are too injured to fight recklessly!
Unknown command.
You are too injured to fight recklessly!
You closely miss the orc. You headbutt the orc.
The orc is heavily wounded.
The orc warrior barely misses you. The orc hits you but does no damage.
You block the orc warrior's attack. The orc hits you but does no damage.
Unknown command.
You hit the orc. You freeze the orc.
The orc is almost dead.
The orc warrior hits you from afar with a +0 glaive!
* * * LOW HITPOINT WARNING * * *
The orc hits you but does no damage.
Unknown command.
You hit the orc. You freeze the orc.
You kill the orc!
Trog accepts your kill. The orc warrior barely misses you.
Unknown command.
Your skin crawls.
You feel strong-willed.
The orc warrior hits you from afar with a +0 glaive!
* * * LOW HITPOINT WARNING * * *
The orc warrior hits you from afar with a +0 glaive!
You die...

#.. #.#...#.#
.###.###.#.#
+.....+.#.# #
###.###...#.# .#.
#.#(....#.#
.....#'#......>#
.(..........)..#
.######..###)..###
.....o)@))...#
#.#####.)#...#.#
.....#.......
#..##..##.....##
.. ##.# .....#( #
#.# ..._.#( #.
.#...#. .. ...#


You could see an orc warrior.

Vanquished Creatures
  Pikel (D:5)
  Grinder (D:3)
  Sigmund (D:3)
  A wraith (Ossuary)
  An orc warrior (D:6)
  A sky beast (D:6)
  A centaur (D:6)
  2 kobold brigands
  3 bullfrogs
  A water moccasin zombie (D:6)
  A water moccasin skeleton (D:6)
  A scorpion (D:5)
  A centaur zombie (D:6)
  A jelly (D:6)
  An orc priest (D:5)
  A human zombie (Ossuary)
  2 bullfrog skeletons
  5 hounds
  A gnoll shaman (D:8)
  Terence (D:3)
  5 orc wizards
  5 iguanas
  A hound zombie (D:5)
  3 mummies (Ossuary)
  7 gnolls
  5 adders
  An ufetubus (D:6)
  3 worms
  3 dart slugs
  10 orcs
  4 bats
  6 endoplasms
  7 giant cockroaches
  4 goblins
  A hobgoblin (D:1)
  4 jackals
  15 kobolds
  5 quokkas
  5 ball pythons
  2 frilled lizards
  6 goblin zombies (Ossuary)
  2 kobold zombies (Ossuary)
  6 rats
138 creatures vanquished.

Vanquished Creatures (others)
  An orc wizard (D:6)
1 creature vanquished.

Grand Total: 139 creatures vanquished

Notes
Turn   | Place    | Note
-------+----------+-------------------------------------------
     0 | D:1      | snetch the Minotaur Berserker began the quest for the Orb.
     0 | D:1      | Reached XP level 1. HP: 19/19 MP: 0/0
   132 | D:1      | Found a shimmering altar of Xom.
   134 | D:2      | Found a snail-covered altar of Cheibriados.
   147 | D:2      | Reached XP level 2. HP: 21/27 MP: 1/1
   801 | D:1      | Found a sacrificial altar of Ru.
   959 | D:3      | Noticed Grinder
   962 | D:3      | Killed Grinder
   963 | D:3      | Reached skill level 5 in Fighting
   963 | D:3      | Reached skill level 5 in Axes
   963 | D:3      | Reached XP level 3. HP: 29/36 MP: 2/2
   963 | D:3      | Reached XP level 4. HP: 34/42 MP: 3/3
   963 | D:3      | Reached XP level 5. HP: 39/48 MP: 4/4
  1107 | D:2      | Found Icisix's Antique Armour Emporium.
  1413 | D:3      | Found a stormy altar of Qazlal.
  1424 | D:3      | Found a glowing silver altar of Zin.
  1592 | D:3      | Reached ** piety under Trog
  2117 | D:3      | Reached XP level 6. HP: 37/56 MP: 5/5
  2328 | D:3      | Noticed Sigmund
  2341 | D:3      | Killed Sigmund
  3093 | D:3      | Noticed Terence
  3105 | D:3      | Killed Terence
  3106 | D:3      | Reached skill level 1 in Polearms
  3504 | D:4      | Reached XP level 7. HP: 62/62 MP: 6/6
  3563 | D:5      | Entered Level 5 of the Dungeon
  3638 | D:4      | Found Yllu Ysarin's Distillery.
  3646 | D:4      | Bought a potion of curing for 42 gold pieces
  3646 | D:4      | Bought a potion of heal wounds for 70 gold pieces
  3905 | D:5      | Reached skill level 5 in Armour
  3928 | D:5      | Found a staircase to the Ecumenical Temple.
  3954 | Temple   | Entered the Ecumenical Temple
  4922 | D:5      | Found a burning altar of Makhleb.
  4922 | D:5      | Noticed Pikel
  4940 | D:5      | Killed Pikel
  4941 | D:5      | Reached XP level 8. HP: 49/71 MP: 7/7
  5304 | D:6      | Reached skill level 1 in Stealth
  5346 | D:6      | Found a blossoming altar of Fedhas.
  5687 | D:6      | Reached skill level 1 in Maces & Flails
  5846 | D:6      | Found a shimmering blue altar of Sif Muna.
  6081 | D:6      | Found Wixti's Book Shoppe.
  6107 | D:6      | Reached XP level 9. HP: 70/79 MP: 8/8
  6208 | D:7      | Reached *** piety under Trog
  6485 | D:8      | Found a sand-covered staircase.
  6491 | Ossuary  | Entered an ossuary
  7025 | D:8      | Found a hide-covered altar of Uskayaw.
  7034 | D:8      | Noticed a +0 hand axe
  7034 | D:8      | Noticed a +0 dagger
  7058 | D:8      | Slain by an orc warrior

Illustrated notes

Levels and vault maps discovered:
D:1:      dpeg_arrival_lava_altar, layout_basic, xom_teletrap_fun
D:2:      layout_basic, overflow_temple_1_default, serial_shops, shop
D:3:      layout_basic, grunt_temple_overflow_open, minmay_vboxes, uniq_grinder,
          uniq_terence, uniq_sigmund
D:4:      layout_cave_pods, serial_shops, shop, minivault_25
D:5:      layout_basic, old_standard_altar, temple_pool_b, uniq_pikel
D:6:      kennysheep_orc_sif_temple, layout_loops_ring, kennysheep_mini,
          serial_shops, nicolae_shop_statue_plus
D:7:      layout_rooms
D:8:      layout_basic, dancing_weapons_uskayaw, lair_entry_dummy,
          enter_bailey_2, nicolae_ossuary_entry_plus
Temple:   eino_temple_rhombus

Skill      XL: |  1  2  3  4  5  6  7  8  9 |
---------------+----------------------------+-----
Fighting       | 5 6 7 |  7.9
Axes           | 5 6 |  6.6
Armour         | 3 4 6 7 |  7.8
Dodging        | 3 |  3.5
Polearms       | 1 6 7 |  7.9
Stealth        | 1 |  1.3
Maces & Flails | 2 3 |  3.6
Shields        | |  0.1

Action                   |  1- 3 |  4- 6 |  7- 9 || total
-------------------------+-------+-------+-------++-------
Melee: Hand axe          |    27 |    64 |       ||    91
       Headbutt          |     6 |    16 |    69 ||    91
       Scythe            |       |    34 |    90 ||   124
       Whip              |       |       |   239 ||   239
Invok: Berserk           |     1 |     1 |     2 ||     4
       Trog's Hand       |       |       |     5 ||     5
Armor: Ring mail         |     8 |    24 |       ||    32
       Scale mail        |       |     7 |       ||     7
       Plate armour      |       |       |   229 ||   229
Dodge: Dodged            |    14 |    51 |   116 ||   181
Block: Buckler           |       |     1 |    14 ||    15

Table legend: (Time is in decaauts)
 A = Elapsed time spent in this place.
 B = Non-inter-level travel time spent in this place.
 C = Inter-level travel time spent in this place.
 D = Time resting spent in this place.
 E = Time spent auto-exploring this place.
 F = Levels seen in this place.
 G = Mean time per level.
                   A        B        C        D        E       F      G
               +--------+--------+--------+--------+--------+-----+--------+
         Total |   7201 |   6936 |    265 |    173 |   5101 |  10 |  720.1 |
       Dungeon |   6440 |   6191 |    249 |    173 |   4618 |   8 |  805.0 |
        Temple |    226 |    210 |     16 |      0 |    209 |   1 |  226.0 |
       Ossuary |    534 |    534 |      0 |      0 |    274 |   1 |  534.0 |
               +--------+--------+--------+--------+--------+-----+--------+

Top non-repeatable levels by time:
     D:3: 1589 daAuts
     D:6: 1044 daAuts
     D:4: 942 daAuts
     D:5: 878 daAuts
     D:1: 844 daAuts
     D:2: 791 daAuts
 Ossuary: 534 daAuts
  Temple: 226 daAuts
     D:7: 223 daAuts
     D:8: 127 daAuts
